 Dungeon Crawl Stone Soup version 0.28-a0-556-gab23d0e057 (webtiles) character file.

Game seed: 15645785801169634781

66 robertstho the Magician (level 4, -8/32 HPs)
             Began as a Djinni Fire Elementalist on Sept 28, 2021.
             Shot with an arrow by a centaur (12 damage)
             ... on level 3 of the Dungeon.
             The game lasted 00:01:52 (2788 turns).

robertstho the Magician (Djinni Fire Elementalist)  Turns: 2788, Time: 00:01:53

Health: -8/32      AC:  2    Str:  7    XL:     4   Next: 37%
Gold:   81         EV: 12    Int: 17    God:
                   SH:  0    Dex: 14

rFire   + + .      SeeInvis .   c - +0 dagger
rCold   x . .      Faith    .   (no shield)
rNeg    . . .      Spirit   .   a - +0 robe
rPois   ∞          Reflect  .   (no helmet)
rElec   .          Harm     .   (no cloak)
rCorr   .          Rampage  .   (no gloves)
Will    .....                   (boots unavailable)
Stlth   ++........              (no amulet)
HPRegen 0.10/turn               (no ring)
MPRegen 0.00/turn               (no ring)

@: attractive, flying
A: sickness immunity, fire resistance 2, cold vulnerability 1, float, innate
caster, hp casting, extra vitality 1
a: no special abilities


You were on level 3 of the Dungeon.
You visited 1 branch of the dungeon, and saw 3 of its levels.

You collected 81 gold pieces.

Inventory:

Hand Weapons
 c - a +0 dagger (weapon)
Armour
 a - a +0 robe (worn)
Scrolls
 e - a scroll of immolation {unknown}
Potions
 d - a potion of invisibility {unknown}


   Skills:
 * Level 1.0 Fighting
 * Level 1.2 Armour
 + Level 2.3 Dodging
 + Level 1.7 Stealth
 + Level 3.3 Spellcasting


You couldn't memorise any spells.
You knew the following spells:

 Your Spells              Type           Power      Damage    Failure   Level
a - Foxfire               Conj/Fire      56%        2x1d6     4%          1
b - Scorch                Fire           28%        2d6       6%          2
c - Conjure Flame         Conj/Fire      14%        6-21      13%         3
d - Inner Flame           Hex/Fire       14%        N/A       13%         3
e - Flame Wave            Conj/Fire      14%        3d5       38%         4
f - Pain                  Necr           56%        1d6       4%          1
Your spell library was empty.

Dungeon Overview and Level Annotations

Branches:
Dungeon (3/15)

Altars:


Innate Abilities, Weirdness & Mutations

You are immune to sickness and miasma.
You are immune to poison.
Your flesh is very heat resistant. (rF++)
You are vulnerable to cold. (rC-)
You float through the air rather than walking.
You learn spells naturally, not from books.
Your magical power is your life essence.
You have superior vitality. (+4 HP)


Message History

There is an escape hatch in the floor here.
You reach down and open the door.
There is an open door here.
Done exploring.
Done exploring.
Done exploring.
Done exploring.
Done exploring.
Done exploring.
(D) Dungeon
Where to? (Enter - D:2, ? - help)
There is an open door here.
There is an escape hatch in the floor here.
As you open the door, it creaks loudly!
There is an open door here.
There is an open door here.
There is a stone staircase leading down here.
You fly downwards.
The centaur shouts!
Found 19 gold pieces.
There is a stone staircase leading up here.
A centaur is nearby!
Unknown command.
A centaur is nearby!
A centaur is nearby!
A centaur is nearby!
A centaur is nearby!
Found an arbalest.
The centaur wields a +0 shortbow.
The centaur shoots an arrow.
The arrow hits you!
The centaur shoots an arrow.
The arrow hits you!
You are too injured to fight recklessly!
You are too injured to fight recklessly!
You are too injured to fight recklessly!
The centaur shoots an arrow.
The arrow barely misses you.
The centaur shoots an arrow.
The arrow hits you!
* * * LOW HITPOINT WARNING * * *
It was a potion of attraction.
You feel attractive to monsters.
The centaur shoots an arrow.
The arrow hits you!
You die...

##### ##...##
##.....##
#.......# #
#.......# ...
#....<..###....
##....@......).
#..............
#.........$....
#...............
#...............
#...............
.#######.c......
#########


You could see a centaur.

Vanquished Creatures
  2 adders (D:2)
  A worm (D:2)
  3 dart slugs
  5 ball pythons
  4 endoplasms
  A giant cockroach (D:1)
  2 hobgoblins (D:1)
  3 kobolds
  3 quokkas
  2 bats
  2 frilled lizards (D:1)
  5 goblins
  2 rats (D:2)
35 creatures vanquished.

Vanquished Creatures (others)
  124 foxfires
124 creatures vanquished.

Grand Total: 159 creatures vanquished

Notes
Turn   | Place    | Note
-------+----------+-------------------------------------------
     0 | D:1      | robertstho the Djinni Fire Elementalist began the quest for
                  | the Orb.
     0 | D:1      | Reached XP level 1. HP: 15/15 MP: 0/0
   294 | D:1      | Reached XP level 2. HP: 20/22 MP: 0/0
   574 | D:1      | Found a faded altar of an unknown god.
   994 | D:1      | Reached XP level 3. HP: 20/26 MP: 0/0
   994 | D:1      | Learned a level 1 spell: Pain
  1205 | D:1      | Reached skill level 3 in Spellcasting
  1681 | D:2      | Reached skill level 1 in Armour
  1823 | D:2      | Reached XP level 4. HP: 22/31 MP: 0/0
  1834 | D:2      | Reached skill level 1 in Fighting
  2784 | D:3      | Noticed a centaur
  2788 | D:3      | Shot with an arrow by a centaur

Illustrated notes

Levels and vault maps discovered:
D:1:      heliophobic_arrival_ceremonial_halls, layout_loops_ring,
          hellmonk_ecumenical_altar_zigzags
D:2:      layout_basic, hangedman_decor_growths, minmay_surrounded
D:3:      layout_rooms, marbit_many_paths, uniq_natasha

Skill      XL: |  1  2  3  4 |
---------------+-------------+-----
Spellcasting   | 3 |  3.3
Armour         | 1 |  1.2
Fighting       | 1 |  1.0
Dodging        | |  2.3
Stealth        | |  1.7

Action                   |  1- 3 |  4- 6 || total
-------------------------+-------+-------++-------
Melee: Dagger            |       |     5 ||     5
 Cast: Foxfire           |    77 |       ||    77
       Scorch            |     4 |    11 ||    15
  Use: Potion            |       |     1 ||     1
Armor: Robe              |       |     2 ||     2
Dodge: Dodged            |       |    13 ||    13

Table legend: (Time is in decaauts)
 A = Elapsed time spent in this place.
 B = Non-inter-level travel time spent in this place.
 C = Inter-level travel time spent in this place.
 D = Time resting spent in this place.
 E = Time spent auto-exploring this place.
 F = Levels seen in this place.
 G = Mean time per level.
                   A        B        C        D        E       F      G
               +--------+--------+--------+--------+--------+-----+--------+
         Total |   2787 |   2730 |     57 |    295 |   2212 |   3 |  929.0 |
       Dungeon |   2787 |   2730 |     57 |    295 |   2212 |   3 |  929.0 |
               +--------+--------+--------+--------+--------+-----+--------+

Top non-repeatable levels by time:
     D:2: 1407 daAuts
     D:1: 1375 daAuts
     D:3: 3 daAuts
